 Dungeon Crawl Stone Soup version 0.27.0-66-gdc8fb28755 (webtiles) character file.

Game seed: 1427796736459710522

186 ZARRMARR the Chiller (level 5, -1/37 HPs)
             Began as a Merfolk Ice Elementalist on Aug 19, 2021.
             Slain by a kobold brigand (4 damage)
             ... on level 4 of the Dungeon on Aug 20, 2021.
             The game lasted 00:16:48 (4087 turns).

ZARRMARR the Chiller (Merfolk Ice Elementalist)     Turns: 4087, Time: 00:16:48

Health: -1/37      AC: 11    Str:  8    XL:     5   Next: 66%
Magic:  17/18      EV: 10    Int: 16    God:
Gold:   202        SH:  0    Dex: 14    Spells: 8/9 levels left

rFire    + . .     SeeInvis .   a - +0 spear
rCold    + . .     Faith    .   (no shield)
rNeg     . . .     Spirit   .   m - +0 ring mail
rPois    +         Reflect  .   j - +0 helmet
rElec    +         Harm     .   i - +0 cloak
rCorr    +         Rampage  .   h - +0 pair of gloves
Will     .....                  f - +2 pair of boots
Stlth    +.........             (no amulet)
HPRegen  0.12/turn              o - ring of magical power
MPRegen  0.16/turn              (no ring)

@: lethally poisoned (-1 -> -14), resistant, slowed, very slow
A: (nimble swimmer 2), mertail
a: no special abilities


You were on level 4 of the Dungeon.
You visited 1 branch of the dungeon, and saw 4 of its levels.

You collected 202 gold pieces.

Inventory:

Hand Weapons
 a - a +0 spear (weapon)
Missiles
 c - 4 boomerangs (quivered)
Armour
 b - a +0 leather armour
 f - a +2 pair of boots (worn)
 h - a +0 pair of gloves (worn)
 i - a +0 cloak (worn)
 j - a +0 helmet (worn)
 m - a +0 ring mail (worn)
Magical Staves
 e - a staff of air
Jewellery
 o - a ring of magical power (left hand)
Scrolls
 d - a scroll of blinking
 k - a scroll of amnesia
 l - a scroll of fog
 n - 2 scrolls of identify


   Skills:
 + Level 1.0 Fighting
 + Level 1.4 Polearms
 + Level 0.8 Throwing
 + Level 1.0 Armour
 + Level 3.1 Dodging
 + Level 2.5 Stealth
 + Level 2.8 Spellcasting
 + Level 5.9 Ice Magic


You had 8 spell levels left.
You knew the following spells:

 Your Spells              Type           Power      Damage    Failure   Level
a - Freeze                Ice            84%        1d10      5%          1

Your spell library contained the following spells:

 Spells                   Type           Power      Damage    Failure   Level
 Frozen Ramparts          Ice            42%        1d6       16%         3
 Ozocubu's Armour         Ice            21%        N/A       16%         3
 Gell's Gravitas          Tloc           1%         N/A       87%         3
 Teleport Other           Tloc           2%         N/A       87%         3
 Hailstorm                Conj/Ice       11%        3d5       87%         4
 Dispersal                Tloc           1%         N/A       100%        6


Dungeon Overview and Level Annotations

Branches:
Dungeon (4/15)
 Temple: D:4-7

Altars:
Ashenzari
Kikubaaqudgha
Beogh


Innate Abilities, Weirdness & Mutations

((You are quick and stealthy near water. (Stealth+, EV+, Speed+++)))
Your lower body shifts to a powerful aquatic tail in water.


Message History

Press: ? - help, Q - select action, (/) - cycle Shift-Dir - straight line, f - kobold
Aim: a kobold, wielding a +0 dagger (50% to hit)
You throw a boomerang.
The boomerang closely misses the kobold.
The kobold brigand shouts!
The kobold brigand throws a curare-tipped dart.
The curare-tipped dart hits you.
You are poisoned.
You have difficulty breathing.
You feel yourself slow down.
Casting: Freeze (safe; 5% risk of failure)
Confirm with . or Enter, or press ? or * to list all spells.
Aiming: Freeze (safe; 5% risk of failure)
Press: ? - help, Shift-Dir - straight line, f/p - kobold
Aim: a kobold, wielding a +0 dagger You freeze the kobold.
The kobold is severely wounded.
You feel very sick. The kobold hits you but does no damage.
Casting: Freeze (safe; 5% risk of failure)
Confirm with . or Enter, or press ? or * to list all spells.
Aiming: Freeze (safe; 5% risk of failure)
Press: ? - help, Shift-Dir - straight line, f/p - kobold
Aim: a kobold, wielding a +0 dagger (severely wounded)
You freeze the kobold.
You kill the kobold!
You feel sick.
The kobold brigand throws a curare-tipped dart.
The curare-tipped dart hits you.
You are lethally poisoned!
You have difficulty breathing.
You feel as though you will be slow longer.
You feel protected.
* * * LOW HITPOINT WARNING * * *
You feel extremely sick.
* * * LOW HITPOINT WARNING * * *
You feel very sick.
The kobold brigand hits you with a +0 dagger.
* * * LOW HITPOINT WARNING * * *
The kobold brigand hits you with a +0 dagger.
You die...

.......#.?.
..........#
.............#
..............#
..............#####
........#..........
.....$..##.........
.........#)@K.....#
...................#
...#
##....?.........
....#
##†......####..#
#..$# #......## #..#
#...##......# #..###
#..........## #...##
##..........# #<..##
#..........# ##...#


You could see a kobold brigand.

Vanquished Creatures
  A hound (D:4)
  An orc priest (D:3)
  An orc wizard (D:3)
  2 adders
  A worm (D:2)
  2 dart slugs (D:2)
  7 orcs
  5 ball pythons
  6 endoplasms
  A giant cockroach (D:2)
  3 goblins
  7 hobgoblins
  7 jackals
  5 quokkas
  5 bats
  3 frilled lizards
  7 kobolds
  6 rats
70 creatures vanquished.

Notes
Turn   | Place    | Note
-------+----------+-------------------------------------------
     0 | D:1      | ZARRMARR the Merfolk Ice Elementalist began the quest for
                  | the Orb.
     0 | D:1      | Reached XP level 1. HP: 13/13 MP: 3/3
   647 | D:1      | Reached XP level 2. HP: 19/19 MP: 1/5
   772 | D:1      | Found a faded altar of an unknown god.
  1402 | D:2      | Found an ancient bone altar of Kikubaaqudgha.
  1441 | D:2      | Reached XP level 3. HP: 25/25 MP: 4/6
  1548 | D:2      | Reached skill level 1 in Polearms
  1594 | D:2      | Reached skill level 5 in Ice Magic
  2307 | D:2      | Reached XP level 4. HP: 27/31 MP: 0/7
  3147 | D:3      | Reached skill level 1 in Fighting
  3391 | D:3      | Reached XP level 5. HP: 37/37 MP: 3/8
  3670 | D:3      | Found a broken altar of Ashenzari.
  3712 | D:3      | Reached skill level 1 in Armour
  4082 | D:4      | Noticed a kobold brigand
  4087 | D:4      | Slain by a kobold brigand

Illustrated notes

Levels and vault maps discovered:
D:1:      onia_arrival_pyramid, layout_loops_ring, basic_ecumenical_altar,
          minivault_25
D:2:      layout_basic, basic_altar, grunt_ministairs_3, minmay_pentomino_q4
D:3:      layout_basic, ashenzari_conservatory_becter, kennysheep_orc_chapel
D:4:      layout_layer_cave, dancing_weapons_uskayaw

Skill      XL: |  1  2  3  4  5 |
---------------+----------------+-----
Polearms       | 1 |  1.4
Ice Magic      | 5 |  5.9
Dodging        | 3 |  3.1
Fighting       | 1 |  1.0
Armour         | 1 |  1.0
Throwing       | |  0.8
Stealth        | |  2.5
Spellcasting   | |  2.8

Action                   |  1- 3 |  4- 6 || total
-------------------------+-------+-------++-------
Melee: Unarmed           |     5 |       ||     5
       Spear             |    30 |    56 ||    86
Throw: Boomerang         |     2 |    13 ||    15
 Cast: Freeze            |    56 |    43 ||    99
  Use: Scroll            |       |     4 ||     4
       Potion            |       |     1 ||     1
 Stab: Sleeping          |     7 |     2 ||     9
Armor: Leather armour    |     6 |    25 ||    31
       Ring mail         |       |     4 ||     4
Dodge: Dodged            |    31 |    39 ||    70
